Map: Void Launch

Players

Alebay

  • Race: Protoss Protoss
  • Spawn Location: 6:00

MattBarry

  • Race: Protoss Protoss
  • Spawn Location: 6:00

VOD

Have the link to the VOD?

Description

Time

  • Played on: Jan. 4, 2023, 12:20 a.m.
  • Length: 25:55
Show
View Real Time Build Order
Export as new Build Order

Alebay Protoss 

Build Orders:  

Get SALT Encoding   

  12  0:02  Probe (Chrono Boost)  
  13  0:16  Probe (Chrono Boost)  
  14  0:30  Probe (Chrono Boost)  
  14  0:33  Pylon  
  15  0:42  Assimilator  
  15  0:58  Probe (Chrono Boost)  
  16  1:12  Probe (Chrono Boost)  
  17  1:27  Pylon, Probe (Chrono Boost)  
  18  1:41  Probe (Chrono Boost)  
  19  1:54  Gateway  
  19  1:55  Probe (Chrono Boost)  
  19  1:56  Forge  
  20  2:09  Probe (Chrono Boost)  
  21  2:23  Probe (Chrono Boost)  
  21  2:25  Gateway  
  21  2:28  Assimilator  
  22  2:36  Probe (Chrono Boost)  
  23  2:50  Probe (Chrono Boost)  
  23  2:59  Pylon  
  24  3:04  Cybernetics Core, Probe (Chrono Boost)  
  25  3:18  Probe (Chrono Boost)  
  25  3:19  Legionnaire  
  29  3:32  Probe (Chrono Boost)  
  29  3:39  Legionnaire  
  33  3:41  Protoss Ground Weapons Level 1  
  33  4:09  Pylon  
  33  4:10  Legionnaire  
  36  4:25  Warp Gate  
  36  4:30  Legionnaire  
  42  5:08  Pylon  
  44  5:41  Legionnaire x2  
  50  6:15  Nexus  
  50  6:20  Adept x2  
  54  6:35  Pylon  
  54  6:38  Pylon  
  54  6:54  Pylon  
  54  7:02  Protoss Ground Armor Level 1  
  54  7:08  Adept  
  56  7:59  Adept x2  
  56  8:25  Adept x2  
  60  8:50  Gateway  
  60  8:53  Gateway, Probe x2 (Chrono Boost)  
  60  8:54  Gateway  
  62  9:07  Probe x2 (Chrono Boost)  
  64  9:21  Probe x2 (Chrono Boost)  
  64  9:22  Pylon  
  64  9:25  Pylon  
  66  9:32  Adept x2  
  66  9:35  Probe x2 (Chrono Boost)  
  53  10:24  Adept x2  
  53  10:25  Adept x3  
  54  10:39  Photon Cannon  
  54  10:41  Photon Cannon  
  54  10:43  Probe x2 (Chrono Boost)  
  54  10:45  Photon Cannon  
  54  10:48  Photon Cannon  
  50  10:57  Probe x2 (Chrono Boost)  
  50  11:11  Twilight Council  
  50  11:12  Probe x2 (Chrono Boost)  
  52  11:25  Probe x2 (Chrono Boost)  
  50  11:56  Legionnaire  
  50  11:57  Legionnaire x4  
  63  12:14  Assimilator  
  63  12:15  Probe x2 (Chrono Boost)  
  63  12:17  Assimilator  
  65  12:27  Pylon  
  65  12:28  Probe (Chrono Boost)  
  65  12:29  Probe (Chrono Boost)  
  67  12:30  Pylon  
  67  12:32  Pylon  
  67  12:34  Legionnaire x3  
  76  12:42  Probe (Chrono Boost)  
  76  12:43  Probe (Chrono Boost)  
  78  13:00  Probe x2 (Chrono Boost)  
  80  13:10  Adept  
  80  13:11  Adept x4  
  90  13:37  Adept x3  
  90  13:38  Adept x2  
  90  13:39  Protoss Ground Weapons Level 2  
  100  13:40  Pylon  
  100  13:49  Pylon  
  100  13:58  Charge  
  100  14:04  Adept x2  
  100  14:05  Adept  
  106  14:16  Photon Cannon  
  106  14:21  Photon Cannon  
  106  14:49  Adept x3  
  112  14:50  Adept x2  
  112  14:58  Psionic Projection  
  98  15:23  Legionnaire  
  98  15:24  Legionnaire x4  
  106  16:16  Pylon  
  106  16:19  Pylon  
  106  16:20  Adept x3  
  106  16:21  Adept x2  
  116  16:37  Legionnaire x3  
  116  16:38  Legionnaire x2  
  129  16:49  Protoss Ground Armor Level 2  
  121  16:55  Photon Cannon  
  121  16:56  Photon Cannon  
  121  16:59  Photon Cannon  
  118  17:01  Photon Cannon  
  118  17:12  Adept  
  118  17:13  Adept x3  
  123  17:51  Legionnaire x4  
  123  17:52  Legionnaire  
  138  18:18  Legionnaire x3  
  147  18:47  Legionnaire x4  
  159  19:07  Pylon  
  156  19:10  Pylon  
  156  19:12  Pylon  
  153  19:26  Adept  
  153  19:27  Adept x4  
  157  19:39  Protoss Ground Weapons Level 3  
  140  20:22  Adept x4  
  140  20:23  Adept  
  150  20:38  Pylon  
  150  20:40  Pylon  
  150  20:47  Legionnaire x5  
  121  21:38  Legionnaire x4  
  121  21:39  Legionnaire  
  133  22:05  Legionnaire x4  
  133  22:06  Legionnaire  
  124  22:29  Legionnaire x5  
  130  22:58  Adept x3  
  130  22:59  Adept x2  
  140  23:53  Adept x3  
  140  23:54  Adept x2  
  144  24:20  Adept x2  
  144  24:21  Adept x3  
  152  24:47  Legionnaire x5  
  157  25:09  Photon Cannon  
  154  25:12  Photon Cannon  
  154  25:14  Photon Cannon  
  154  25:17  Photon Cannon  
  154  25:40  Adept x4  
  154  25:41  Adept  
Show
View Real Time Build Order
Export as new Build Order

MattBarry Protoss 

Build Orders:  

Get SALT Encoding   

  12  0:03  Probe (Chrono Boost)  
  13  0:19  Pylon  
  13  0:35  Assimilator  
  5  0:40  Probe (Chrono Boost)  
  14  0:53  Probe (Chrono Boost)  
  15  1:07  Probe (Chrono Boost)  
  16  1:20  Gateway  
  16  1:21  Probe (Chrono Boost)  
  17  1:34  Pylon  
  17  1:35  Probe (Chrono Boost)  
  18  1:49  Probe (Chrono Boost)  
  18  1:57  Assimilator  
  19  2:03  Probe (Chrono Boost)  
  20  2:17  Probe (Chrono Boost)  
  21  2:39  Cybernetics Core  
  21  2:54  Gateway, Probe (Chrono Boost)  
  21  2:56  Gateway  
  22  3:08  Probe (Chrono Boost)  
  23  3:10  Forge  
  23  3:22  Probe (Chrono Boost)  
  24  3:34  Twilight Council  
  24  3:49  Probe (Chrono Boost)  
  24  3:50  Robotics Facility  
  25  4:05  Warp Gate  
  25  4:14  Gateway  
  25  4:19  Pylon, Protoss Ground Weapons Level 1  
  25  4:26  Pylon  
  25  4:49  Solar Efficiency Level 1  
  25  4:59  Probe (Chrono Boost)  
  26  5:13  Probe (Chrono Boost)  
  27  5:22  Sentinel  
  27  5:24  Sentinel x2  
  33  5:38  Observer  
  34  6:05  Sentinel  
  36  6:10  Pylon  
  36  6:11  Probe (Chrono Boost)  
  37  6:20  Gateway  
  37  6:25  Probe (Chrono Boost)  
  37  6:26  Robotics Bay  
  38  6:50  Robotics Facility  
  38  8:16  Stargate  
  38  8:17  Stargate  
  38  8:42  Charge  
  38  9:38  Nexus  
  38  9:43  Colossus  
  44  10:03  Extended Thermal Lance  
  44  10:16  Probe (Chrono Boost)  
  45  10:27  Pylon  
  45  10:30  Probe (Chrono Boost)  
  45  10:32  Pylon  
  46  10:44  Probe (Chrono Boost)  
  47  10:58  Protoss Ground Weapons Level 2, Probe (Chrono Boost)  
  46  12:01  Solar Efficiency Level 2  
  46  12:04  Probe x2 (Chrono Boost)  
  46  12:08  Assimilator  
  48  12:11  Assimilator  
  48  12:17  Photon Cannon  
  48  12:18  Probe x2 (Chrono Boost)  
  50  12:20  Shield Battery  
  50  12:26  Photon Cannon  
  50  12:32  Probe x2 (Chrono Boost)  
  50  12:34  Pylon  
  52  12:42  Pylon  
  52  12:50  Pylon  
  52  12:53  Sentinel  
  52  12:54  Sentinel x2  
  52  12:55  Sentinel x2  
  62  13:05  Mirage x2  
  66  13:24  Photon Cannon  
  66  13:29  Pylon  
  66  13:40  Mirage, Pylon  
  66  13:45  Protoss Air Weapons Level 1  
  68  14:07  Mirage  
  60  15:54  Shield Battery  
  60  16:00  Photon Cannon  
  60  16:02  Photon Cannon  
  60  16:05  Photon Cannon  
  56  17:11  Sentinel x3  
  56  17:12  Sentinel x2  
  66  17:33  Mirage  
  66  17:34  Mirage  
  70  17:49  Probe x2 (Chrono Boost)  
  72  18:03  Probe x2 (Chrono Boost)  
  72  18:08  Mirage  
  72  18:09  Mirage  
  78  18:17  Shield Battery, Probe x2 (Chrono Boost)  
  80  18:24  Photon Cannon  
  80  18:27  Photon Cannon  
  80  18:31  Photon Cannon, Probe (Chrono Boost)  
  80  18:34  Observer  
  82  18:43  Mirage  
  82  18:44  Mirage  
  84  19:18  Mirage  
  84  19:19  Mirage  
  70  19:46  Sentinel x5  
  120  19:50  Immortal x2  
  79  19:53  Mirage  
  79  19:54  Mirage  
  75  20:30  Sentinel x2  
  75  20:31  Sentinel x3  
  75  20:35  Probe x2 (Chrono Boost)  
  87  20:49  Probe x2 (Chrono Boost)  
  87  20:52  Pylon  
  87  20:56  Fleet Beacon  
  87  20:58  Mirage  
  87  20:59  Mirage  
  89  21:03  Probe (Chrono Boost)  
  90  21:12  Probe (Chrono Boost)  
  90  21:19  Probe (Chrono Boost)  
  96  21:46  Carrier  
  96  21:47  Carrier  
  108  23:55  Carrier x2  
  108  24:03  Unknown  
  108  24:36  Anion Pulse-Crystals  
Tags
 
Commander
FenixKarax
Matchup
Co-op
Replay Pack
Multiplayer
Add a new tag
Caveats
  • Supply blocks, unpowered buildings, or Contaminate may cause inaccurate times.
  • Supply counts are checked every 10 seconds.